 Dungeon Crawl Stone Soup version 0.28-a0-1184-g53156a8862 (webtiles) character file.

Game seed: 10862560992227865751

73903 bearlyready the Tainter (level 15, -16/132 HPs)
             Began as a Red Draconian Venom Mage on Dec 17, 2021.
             Was the Champion of Ru.
             Demolished by an ice devil (18 damage)
             ... in an ice cave.
             The game lasted 01:09:26 (29033 turns).

bearlyready the Tainter (Red Draconian Venom Mage) Turns: 29033, Time: 01:09:26

Health: -16/132    AC: 16    Str: 11    XL:     15   Next: 5%
Magic:  19/28      EV: 11    Int: 22    God:    Ru [******]
Gold:   1550       SH:  8    Dex: 12    Spells: 23/32 levels left

rFire   + . .      SeeInvis .   k - +1 trident (vorpal)
rCold   . . .      Faith    .   T - +2 buckler
rNeg    . . .      Spirit   .   (armour unavailable)
rPois   .          Reflect  .   i - +2 hat
rElec   .          Harm     .   W - +2 cloak {rCorr}
rCorr   +          Rampage  .   p - +0 pair of gloves
Will    +....                   G - +0 pair of boots
Stlth   ++........              J - amulet of magic regeneration
HPRegen 0.32/turn               B - +4 ring of slaying
MPRegen 0.61/turn               Z - +4 ring of slaying

@: unable to read
A: breathe fire, AC +9, unfitting armour, fire resistance 1, cold-blooded,
inability to read while threatened, inability to use devices, inability to train
dodging
a: Breathe Fire, Renounce Religion, Draw Out Power, Power Leap, Apocalypse


You were in an ice cave.
You worshipped Ru.
Ru was exalted by your worship.
You visited 3 branches of the dungeon, and saw 21 of its levels.
You also visited: Ice Cave and Volcano.

You collected 3086 gold pieces.
You spent 1536 gold pieces at shops.

Inventory:

Hand Weapons
 k - a +1 vorpal trident (weapon)
 Y - a +4 trident
Missiles
 a - 5 javelins (quivered)
 q - 21 boomerangs
 u - 64 poisoned darts
 y - 3 silver boomerangs
 D - 2 curare-tipped darts
 S - 2 silver javelins
Armour
 i - a +2 hat (worn)
 p - a +0 pair of gloves (worn)
 G - a +0 pair of boots (worn)
 Q - a +0 kite shield
 T - a +2 buckler (worn)
 W - a +2 cloak of preservation (worn)
Jewellery
 c - a ring of magical power
 n - a ring of magical power
 t - a +4 ring of protection
 B - a +4 ring of slaying (left hand)
 E - a +4 ring of evasion
 H - a +6 ring of intelligence
 J - an amulet of magic regeneration (around neck)
 R - a ring of wizardry
 Z - a +4 ring of slaying (right hand)
Scrolls
 b - 3 scrolls of vulnerability
 f - 3 scrolls of silence
 j - 6 scrolls of teleportation
 o - 3 scrolls of enchant armour
 s - 2 scrolls of identify
 v - a scroll of summoning {unknown}
 w - 3 scrolls of immolation
 C - a scroll of holy word
 F - 2 scrolls of enchant weapon {unknown}
 I - a scroll of brand weapon
 L - 2 scrolls of magic mapping
 O - 4 scrolls of blinking
 P - 5 scrolls of amnesia
 U - 3 scrolls of fear
 V - a scroll of fog
Potions
 d - 4 potions of mutation
 e - 5 potions of curing
 g - 2 potions of brilliance
 h - 3 potions of flight
 l - 2 potions of berserk rage
 m - a potion of haste {unknown}
 r - 4 potions of lignification
 x - 2 potions of magic {unknown}
 z - a potion of degeneration {unknown}
 A - 4 potions of resistance
 M - 3 potions of heal wounds
 N - 2 potions of ambrosia
 X - 3 potions of attraction


   Skills:
 - Level 12.0 Fighting
 - Level 11.0 Polearms
 - Level 3.1 Throwing
 - Level 1.7 Stealth
 - Level 9.0 Shields
 - Level 9.1 Spellcasting
 + Level 9.6 Conjurations
 - Level 1.0 Transmutations
 + Level 11.4 Fire Magic
 - Level 12.0 Poison Magic
   Level 0.0 Evocations


You had 23 spell levels left.
You knew the following spells:

 Your Spells              Type           Power      Damage    Failure   Level
a - Sting                 Tmut/Pois      100%       1d8       1%          1
b - Olgreb's Toxic Radia  Pois           58%        N/A       1%          4
c - Flame Wave            Conj/Fire      54%        2d9       1%          4

Your spell library contained the following spells:

 Spells                   Type           Power      Damage    Failure   Level
 Foxfire                  Conj/Fire      100%       2x1d9     1%          1
 Poisonous Vapours        Pois/Air       72%        N/A       1%          2
 Conjure Flame            Conj/Fire      54%        6-21      1%          3
 Ignite Poison            Fire/Tmut/Pois 45%        N/A       1%          3
 Inner Flame              Hex/Fire       35%        N/A       1%          3
 Mephitic Cloud           Conj/Pois/Air  41%        N/A       1%          3
 Sticky Flame             Conj/Fire      54%        2d7       1%          4
 Dazzling Flash           Conj/Hex       62%        N/A       2%          3
 Stone Arrow              Conj/Erth      62%        3d10      2%          3
 Animate Skeleton         Necr           20%        N/A       7%          1
 Apportation              Tloc           20%        N/A       7%          1
 Sandblast                Erth           20%        2d7       7%          1
 Summon Small Mammal      Summ           40%        N/A       7%          1
 Passwall                 Tmut/Erth      10%        N/A       9%          2
 Iskenderun's Mystic Bla  Conj/Tloc      31%        2d8       9%          4
 Starburst                Conj/Fire      27%        6d9       14%         6
 Call Canine Familiar     Summ           10%        N/A       21%         3
 Ozocubu's Armour         Ice            10%        N/A       21%         3
 Portal Projectile        Hex/Tloc       20%        N/A       21%         3
 Summon Guardian Golem    Hex/Summ       10%        N/A       21%         3
 Swiftness                Air            10%        N/A       21%         3
 Leda's Liquefaction      Hex/Erth       5%         N/A       54%         4
 Metabolic Englaciation   Hex/Ice        5%         N/A       88%         5
 Simulacrum               Ice/Necr       5%         N/A       100%        6


Dungeon Overview and Level Annotations

Branches:
Dungeon (14/15)            Temple (0/1) D:5            Lair (5/6) D:10
 Shoals (0/4) Lair:3        Snake (0/4) Lair:4          Orc (2/2) D:10
    Elf (0/3) Orc:2        Vaults (0/5) D:13          IceCv (1/1)
Volcano (visited)
  Slime: Lair:5-6

Altars:
Ashenzari
Dithmenos
Elyvilon
Fedhas
Gozag
Makhleb
Nemelex Xobeh
Okawaru
Ru
Sif Muna
Trog
Uskayaw
Zin
Beogh

Shops:
D:6 =   Orc:2 ?[?[

Annotations:
Lair:3 3 runed translucent doors, bearlyready's ghost, journeyman DrCj


Innate Abilities, Weirdness & Mutations

You can breathe blasts of fire.
Your fiery red scales are hard. (AC +9)
You cannot fit into any form of body armour.
Your flesh is heat resistant. (rF+)
You are cold-blooded and may be slowed by cold attacks.
You sometimes lose the ability to read scrolls when taking damage.
You cannot study or use magical devices.
You cannot train Dodging skill.


Message History

Confirm with . or Enter, or press ? or * to list all spells.
Casting: Flame Wave (mildly dangerous; 1% risk of failure)
Press: ? - help, Dir - look around, f - activate A wave of flame ripples out!
The flame wave engulfs the ice devil.
The ice devil is burned terribly!
The ice devil is moderately wounded.
The flame wave engulfs the ice devil!
The ice devil is burned terribly!
The ice devil is almost dead. (Press . to intensify the flame waves.)
The ice devil is stunned by your conviction and fails to attack.
The ice devil hits you. The ice devil freezes you!
You feel threatened and lose the ability to read scrolls!
A wave of flame ripples out!
The flame wave engulfs the ice devil.
The ice devil is burned terribly!
The ice devil is heavily wounded.
The flame wave engulfs the ice devil but does no damage.
The ice devil is almost dead.
You feel yourself speed up.
You can read scrolls again.
The ice devil hits you but does no damage.
The ice devil hits you. The ice devil freezes you!!
You feel threatened and lose the ability to read scrolls!
* * * LOW HITPOINT WARNING * * *
You focus your inner power and blind the ice devil in retribution!
The ice devil closely misses you.
The ice devil is stunned by your conviction and fails to attack.
A wave of flame ripples out!
The flame wave engulfs the ice devil!!
The ice devil is burned terribly!
The ice devil is almost dead.
The flame wave engulfs the ice devil.
The ice devil is almost dead.
You finish channelling waves of flame.
The ice devil hits you!
* * * LOW HITPOINT WARNING * * *
The ice devil freezes you!!
* * * LOW HITPOINT WARNING * * *
You focus your inner power and blind the ice devil in retribution!
The ice devil hits you.
* * * LOW HITPOINT WARNING * * *
The ice devil freezes you!!
You die...

. .. #### ...
##..###### ....
##....##..##.....
#.........4......
#..∩∩....@4......
#.......##.......
##....### ##.....
##..## .... ####
... .. .


You could see 2 ice devils.

Vanquished Creatures
  A red draconian (Volcano)
  Snorg (Lair:5)
  Harold (D:7)
  4 boulder beetles
  2 ogre magi
  5 hydras
  3 centaur warriors
  A death knight (D:13)
  3 catoblepae
  12 two-headed ogres
  2 tengu warriors (D:13)
  5 death yaks (Lair:4)
  3 orc high priests (Orc:2)
  A skeletal warrior (D:13)
  A deep troll (D:13)
  8 orc knights
  A necromancer (D:13)
  A lindwurm (Lair:3)
  Pikel (D:5)
  2 cyclopes
  An orc sorcerer (Orc:2)
  3 ugly things
  3 elephants (Lair:5)
  3 black mambas (Lair:1)
  A guardian serpent (Lair:4)
  A torpor snail (Lair:5)
  9 komodo dragons
  2 rime drakes (Lair:4)
  A freezing wraith (D:13)
  7 cane toads
  3 unseen horrors
  A merfolk (Lair:3)
  A polar bear (Lair:3)
  A hornet (Lair:3)
  10 trolls
  20 blink frogs
  A polar bear (shapeshifter) (D:13)
  4 wraiths
  A vampire (D:11)
  7 basilisks
  A redback (shapeshifter) (D:13)
  5 wyverns
  50 yaks
  2 steam dragons (Lair:3)
  Menkaure (D:7)
  2 wargs
  Edmund (D:5)
  4 acid dragons
  12 water moccasins
  A sky beast (D:5)
  Duvessa (D:6)
  2 ice beasts
  29 orc warriors
  3 black bears
  2 necrophages
  6 ogres
  26 wolves
  6 centaurs
  2 phantoms
  2 lemures (D:5)
  4 kobold brigands
  10 bullfrogs
  2 gnoll sergeants
  4 scorpions
  2 water moccasin zombies
  Dowan (D:6)
  16 killer bees
  3 howler monkeys
  2 electric eels
  5 centaur zombies
  A bullfrog zombie (D:5)
  2 hounds
  3 jellies
  25 orc priests
  A bullfrog skeleton (D:7)
  2 centaur skeletons (D:7)
  7 iguanas
  18 orc wizards
  2 hell rats (Lair:3)
  A spriggan simulacrum (IceCv)
  A troll simulacrum (IceCv)
  2 howler monkey zombies
  11 gnolls
  5 adders
  8 river rats (Lair:3)
  A shadow imp (D:6)
  A white imp (D:6)
  2 ufetubi
  An adder skeleton (D:4)
  3 dart slugs
  3 worms
  92 orcs
  6 endoplasms
  5 giant cockroaches
  9 goblins
  8 hobgoblins
  3 quokkas
  7 ball pythons
  8 bats
  A frilled lizard (D:1)
  11 kobolds
  6 rats
  A bush (Lair:4)
602 creatures vanquished.

Vanquished Creatures (others)
  A hydra (Lair:1)
  2 two-headed ogres
  An orc high priest (Orc:2)
  A cane toad (Lair:5)
  A komodo dragon (Lair:4)
  A troll (D:11)
  2 wyverns (D:10)
  A yak (D:10)
  2 orc warriors
  A centaur (D:9)
  An orc priest (Orc:2)
  An orc (D:13)
  A bush (D:10)
  26 fungi
  48 plants
90 creatures vanquished.

Grand Total: 692 creatures vanquished

Notes
Turn   | Place    | Note
-------+----------+-------------------------------------------
     0 | D:1      | bearlyready the Draconian Venom Mage began the quest for
                  | the Orb.
     0 | D:1      | Reached XP level 1. HP: 14/14 MP: 3/3
   355 | D:1      | Found a faded altar of an unknown god.
   549 | D:1      | Reached XP level 2. HP: 8/20 MP: 0/5
  1674 | D:2      | Reached XP level 3. HP: 23/26 MP: 3/6
  2973 | D:3      | Found a sacrificial altar of Ru.
  3018 | D:3      | Reached XP level 4. HP: 32/33 MP: 3/7
  3025 | D:3      | Became a worshipper of Ru the Awakened
  3056 | D:3      | Reached skill level 5 in Poison Magic
  3084 | D:3      | Learned a level 4 spell: Olgreb's Toxic Radiance
  3295 | D:3      | Reached XP level 5. HP: 27/38 MP: 8/8
  4592 | D:4      | Reached XP level 6. HP: 37/45 MP: 9/9
  4853 | D:4      | Gained mutation: You cannot train Dodging skill. [Ru
                  | sacrifice]
  4853 | D:4      | Reached * piety under Ru
  4853 | D:4      | Reached ** piety under Ru
  4993 | D:4      | Reached skill level 1 in Fighting
  5274 | D:4      | Your scales start taking on a fiery red colour.
  5274 | D:4      | Reached XP level 7. HP: 56/56 MP: 10/10
  5274 | D:4      | Gained mutation: Your flesh is heat resistant. (rF+) [Red
                  | Draconian growth]
  5671 | D:5      | Entered Level 5 of the Dungeon
  5686 | D:5      | Noticed Edmund
  5721 | D:5      | Killed Edmund
  5892 | D:5      | Found a staircase to the Ecumenical Temple.
  6064 | D:5      | Reached XP level 8. HP: 50/66 MP: 12/12
  6397 | D:5      | Found an opulent altar of Gozag.
  6606 | D:5      | Found a shadowy altar of Dithmenos.
  6637 | D:5      | Noticed Pikel
  6654 | D:5      | Killed Pikel
  6890 | D:5      | Found a white marble altar of Elyvilon.
  7178 | D:6      | Found Horch's Jewellery Boutique.
  7191 | D:6      | Reached XP level 9. HP: 71/71 MP: 13/16
  7256 | D:6      | Reached skill level 5 in Spellcasting
  7325 | D:6      | Reached skill level 10 in Poison Magic
  7439 | D:6      | Noticed Duvessa
  7440 | D:6      | Noticed Dowan
  7447 | D:6      | Killed Duvessa
  7448 | D:6      | Killed Dowan
  8007 | D:6      | Found a blossoming altar of Fedhas.
  8009 | D:6      | Gained mutation: You sometimes lose the ability to read
                  | scrolls when taking damage. [Ru sacrifice]
  8009 | D:6      | Reached *** piety under Ru
  8009 | D:6      | Reached **** piety under Ru
  8093 | D:6      | Reached skill level 5 in Shields
  8696 | D:7      | Reached skill level 1 in Evocations
  8781 | D:7      | Noticed Menkaure
  8781 | D:7      | Noticed Harold
  8794 | D:7      | Killed Menkaure
  8815 | D:7      | Killed Harold
  8816 | D:7      | Reached skill level 5 in Fighting
  8816 | D:7      | Reached XP level 10. HP: 44/81 MP: 13/17
  9365 | D:8      | Found a broken altar of Ashenzari.
 10607 | D:9      | Found a bloodstained altar of Trog.
 11088 | D:9      | Found a hide-covered altar of Uskayaw.
 11088 | D:9      | Noticed a +0 spear
 11090 | D:9      | Noticed a +0 dagger
 11097 | D:9      | Noticed a +0 dagger
 11097 | D:9      | Noticed a +0 falchion
 11098 | D:9      | Noticed a +0 short sword
 11098 | D:9      | Noticed a +0 falchion
 11098 | D:9      | Noticed a +0 short sword
 11098 | D:9      | Noticed a +0 spear
 11122 | D:9      | Gained mutation: You cannot study or use magical devices.
                  | [Ru sacrifice]
 11122 | D:9      | Reached ***** piety under Ru
 11122 | D:9      | Reached ****** piety under Ru
 11163 | D:9      | Found a shimmering blue altar of Sif Muna.
 11365 | D:9      | Noticed a two-headed ogre
 11384 | D:9      | Killed a two-headed ogre
 11596 | D:9      | Noticed a centaur warrior
 11616 | D:9      | Killed a centaur warrior
 11862 | D:9      | Found a burning altar of Makhleb.
 11928 | D:9      | Found an iron altar of Okawaru.
 12033 | D:10     | Entered Level 10 of the Dungeon
 12395 | D:10     | Reached XP level 11. HP: 46/95 MP: 10/20
 12771 | D:10     | Found a staircase to the Lair.
 12887 | D:10     | Found a staircase to the Orcish Mines.
 12936 | Orc:1    | Entered Level 1 of the Orcish Mines
 13096 | Orc:1    | Noticed an orc knight
 13116 | Orc:1    | Killed an orc knight
 13624 | Orc:2    | Entered Level 2 of the Orcish Mines
 13624 | Orc:2    | Found a staircase to the Elven Halls.
 14127 | Orc:2    | Noticed an orc sorcerer
 14138 | Orc:2    | Paralysed by an orc sorcerer for 3 turns
 14144 | Orc:2    | Killed an orc sorcerer
 14145 | Orc:2    | Reached skill level 10 in Fighting
 14212 | Orc:2    | Noticed an orc high priest
 14228 | Orc:2    | Noticed an orc knight
 14230 | Orc:2    | Killed an orc high priest
 14233 | Orc:2    | Noticed an orc knight
 14356 | Orc:2    | Noticed an orc high priest
 14380 | Orc:2    | Killed an orc high priest
 14547 | Orc:2    | Noticed an orc high priest
 14569 | Orc:2    | Killed an orc high priest
 14619 | Orc:2    | Noticed an orc knight
 14621 | Orc:2    | Noticed an orc knight
 14637 | Orc:2    | Killed an orc knight
 14637 | Orc:2    | Killed an orc knight
 14637 | Orc:2    | Killed an orc knight
 14637 | Orc:2    | Killed an orc knight
 14638 | Orc:2    | Reached XP level 12. HP: 61/110 MP: 8/24
 14817 | Orc:2    | Noticed an orc high priest
 14830 | Orc:2    | Found Xyriuwi's Antique Armour Shoppe.
 14830 | Orc:2    | Found Igusoen's Armour Emporium.
 14830 | Orc:2    | Found Hitifevi's Magic Scroll Emporium.
 14833 | Orc:2    | Killed an orc high priest
 14851 | Orc:2    | Found Kor Zuod's Magic Scroll Emporium.
 14896 | Orc:2    | Bought a scroll of acquirement for 832 gold pieces
 14896 | Orc:2    | Bought a scroll of fear for 56 gold pieces
 14896 | Orc:2    | Bought a scroll of fear for 56 gold pieces
 14896 | Orc:2    | Bought a scroll of fear for 56 gold pieces
 14896 | Orc:2    | Bought a scroll of fog for 32 gold pieces
 14896 | Orc:2    | Acquired a +2 cloak of preservation
 14926 | Orc:2    | Bought a scroll of blinking for 120 gold pieces
 14926 | Orc:2    | Bought a scroll of teleportation for 48 gold pieces
 14926 | Orc:2    | Bought a scroll of blinking for 120 gold pieces
 14926 | Orc:2    | Bought a scroll of enchant armour for 120 gold pieces
 14926 | Orc:2    | Bought a scroll of identify for 32 gold pieces
 14926 | Orc:2    | Bought a scroll of identify for 32 gold pieces
 14926 | Orc:2    | Bought a scroll of identify for 32 gold pieces
 14930 | Orc:2    | Acquired 696 gold pieces
 15712 | D:10     | Found a glowing silver altar of Zin.
 16056 | D:11     | Reached skill level 1 in Polearms
 16090 | D:11     | Noticed a two-headed ogre
 16111 | D:11     | Killed a two-headed ogre
 16418 | D:11     | Noticed a catoblepas
 16428 | D:11     | Killed a catoblepas
 17458 | D:12     | Reached skill level 1 in Throwing
 17679 | D:12     | Noticed a two-headed ogre
 17691 | D:12     | Killed a two-headed ogre
 17711 | D:12     | Reached skill level 5 in Polearms
 18056 | D:12     | You fall into a shaft and drop 1 floor!
 18056 | D:13     | Noticed an eight-headed hydra
 18088 | D:13     | Noticed a boulder beetle
 18102 | D:13     | Killed a boulder beetle
 18221 | D:13     | Noticed a catoblepas
 18245 | D:13     | Killed a catoblepas
 18398 | D:13     | Noticed a centaur warrior
 18412 | D:13     | Killed a centaur warrior
 18451 | D:13     | Reached XP level 13. HP: 101/118 MP: 26/26
 20059 | D:13     | Reached skill level 10 in Polearms
 20647 | D:13     | Learned a level 4 spell: Flame Wave
 20683 | D:13     | Reached skill level 1 in Fire Magic
 20731 | D:13     | Found a sparkling altar of Nemelex Xobeh.
 20941 | D:13     | Found a gate to the Vaults.
 21141 | Lair:1   | Entered Level 1 of the Lair of Beasts
 21156 | Lair:1   | Reached skill level 1 in Conjurations
 23230 | Lair:1   | Reached skill level 5 in Fire Magic
 23457 | Lair:2   | Reached XP level 14. HP: 62/126 MP: 14/27
 24313 | Lair:2   | Identified the +6 war axe of Gozag's Pride {venom, Int+2
                  | Dex+4}
 24830 | Lair:3   | Found a dark tunnel.
 24844 | Volcano  | Entered a volcano
 24864 | Volcano  | Found a bloodstained altar of Trog.
 24873 | Volcano  | Reached skill level 5 in Conjurations
 26041 | Lair:3   | Found a runed translucent gate.
 26041 | Lair:3   | Found a runed translucent gate.
 26041 | Lair:3   | Found a runed translucent gate.
 26910 | Lair:3   | Found a staircase to the Shoals.
 27104 | Lair:3   | Noticed bearlyready's ghost (journeyman DrCj)
 27737 | Lair:4   | Found a staircase to the Snake Pit.
 28149 | Lair:4   | Reached skill level 10 in Fire Magic
 28607 | Lair:5   | Noticed Snorg
 28614 | Lair:5   | Killed Snorg
 28815 | Lair:5   | Reached XP level 15. HP: 110/131 MP: 15/28
 29006 | Lair:5   | Found a frozen archway.
 29016 | IceCv    | Entered an ice cave
 29033 | IceCv    | HP: 3/132 [ice devil (21)]
 29033 | IceCv    | Demolished by an ice devil

Illustrated notes

Levels and vault maps discovered:
D:1:      dpeg_arrival_lava_altar, layout_loops_cross,
          hellmonk_ecumenical_altar_lost_god, minmay_heptomino_o4
D:2:      layout_loops_ring, eino_tiny_chamber
D:3:      layout_rooms, hangedman_ru_absence, serial_rivers,
          chequers_serial_rivers_micro_a, chequers_serial_rivers_large_b,
          chequers_serial_rivers_small_b, chequers_serial_rivers_micro_c,
          chequers_serial_rivers_small_b, chequers_serial_rivers_micro_e,
          minmay_circle_x
D:4:      layout_loops_cross, minmay_quadrilaterals
D:5:      layout_basic, lemuel_doored_altar, mainiacjoe_overflow_paths,
          general_overflow_altar, minmay_temple_entry_ruins, uniq_pikel,
          uniq_edmund
D:6:      layout_loops_corners, fedhas_bush_and_centaur_altar, serial_shops,
          shop, uniq_duvessa
D:7:      layout_rooms, uniq_menkaure, uniq_harold
D:8:      layout_loops_corners, mainiacjoe_overflow_chevrons
D:9:      layout_basic, okawaru_gym_becter, nicolae_uskayaw_en_pointe,
          nicolae_sif_muna_condensation, kennysheep_little_box,
          lightli_temple_of_fire
D:10:     layout_loops_cross, zin_treasury, minmay_lair_entry_grove,
          david_orc_2, serial_bayou_pond_e
D:11:     layout_loops_cross, eino_jars
D:12:     layout_stronghold, chequers_jeans
D:13:     layout_roguey, david_vaults_4, special_room [special_room_orc],
          nemelex_altar_shiori
D:14:     layout_basic, serial_shops, bzr_firewalk, uniq_roxanne
Lair:1:   cheibrodos_lair_river_kwai, layout_gridlike
Lair:2:   layout_regular_city, nzn_sisyphean_effort
Lair:3:   layout_regular_city, elwin_shoals_entry_rooms,
          nicolae_volcano_entry_vermiform, ebering_ghost_rock_garden,
          kennysheep_rathole, grunt_megastairs_3
Lair:4:   layout_long_grid, minmay_snake_entry_spellcaster, serial_rivers,
          chequers_serial_rivers_marsh, chequers_serial_rivers_marsh,
          chequers_serial_rivers_small_a, chequers_serial_rivers_micro_c,
          chequers_serial_rivers_room_a, chequers_serial_rivers_small_a,
          lemuel_fruit_fields
Lair:5:   layout_big_grid, portal_ice_cave_entry_pillars_2, uniq_snorg,
          uniq_urug
Orc:1:    layout_diamond_mine, basic_altar, nicolae_orc_rockfall
Orc:2:    st_orc_pillars, layout_diamond_mine
IceCv:    ice_cave_tombish

Skill      XL: |  1  2  3  4  5  6  7  8  9 10 11 12 13 14 |
---------------+-------------------------------------------+-----
Poison Magic   | 4 5 6 7 8 9 11 12 | 12.0
Dodging        | 0 |  0.0
Fighting       | 2 4 5 8 11 12 | 12.0
Spellcasting   | 4 5 6 8 9 |  9.1
Shields        | 2 5 7 9 |  9.0
Evocations     | 2 0 |  0.0
Polearms       | 6 11 | 11.0
Throwing       | 3 |  3.1
Fire Magic     | 5 11 | 11.4
Conjurations   | 4 9 |  9.6
Stealth        | |  1.7
Transmutations | |  1.0

Action                   |  1- 3 |  4- 6 |  7- 9 | 10-12 | 13-15 || total
-------------------------+-------+-------+-------+-------+-------++-------
Melee: Dagger            |   163 |   159 |    71 |       |       ||   393
       Unarmed           |     2 |       |       |       |       ||     2
       Tailslap          |    15 |    18 |    25 |    66 |    54 ||   178
       Spear             |       |    12 |   182 |   625 |   116 ||   935
       Trident           |       |       |       |       |   308 ||   308
Throw: Javelin           |       |       |       |     3 |     2 ||     5
       Dart              |       |       |       |     2 |     4 ||     6
       Throwing net      |       |       |       |     1 |     1 ||     2
       Boomerang         |       |       |       |       |     4 ||     4
 Cast: Sting             |    43 |    27 |    13 |    14 |       ||    97
       Olgreb's Toxic Ra |       |     4 |    26 |   150 |   141 ||   321
       Flame Wave        |       |       |       |       |    30 ||    30
Invok: Sacrifice Nimblen |       |     1 |       |       |       ||     1
       Sacrifice Words   |       |       |     1 |       |       ||     1
       Sacrifice Artific |       |       |       |     1 |       ||     1
       Apocalypse        |       |       |       |     1 |     2 ||     3
       Power Leap        |       |       |       |     1 |       ||     1
 Abil: Breathe Fire      |       |       |     7 |    12 |    19 ||    38
Evoke: Wand              |       |       |     1 |       |       ||     1
  Use: Scroll            |       |       |     3 |    11 |    12 ||    26
       Potion            |       |       |     1 |     2 |     1 ||     4
 Stab: Sleeping          |     1 |     5 |     5 |     4 |     2 ||    17
       Paralysed         |       |       |       |    38 |     3 ||    41
       Distracted        |       |       |       |     4 |     1 ||     5
       Invisible         |       |       |       |       |     5 ||     5
       Petrified         |       |       |       |       |     9 ||     9
Armor: Skin              |    72 |    65 |    96 |   286 |   154 ||   673
Dodge: Dodged            |   131 |   103 |   117 |   306 |   193 ||   850
Block: Buckler           |       |       |    36 |   256 |   155 ||   447

Table legend: (Time is in decaauts)
 A = Elapsed time spent in this place.
 B = Non-inter-level travel time spent in this place.
 C = Inter-level travel time spent in this place.
 D = Time resting spent in this place.
 E = Time spent auto-exploring this place.
 F = Levels seen in this place.
 G = Mean time per level.
                   A        B        C        D        E       F      G
               +--------+--------+--------+--------+--------+-----+--------+
         Total |  29073 |  28152 |    921 |   1114 |  21687 |  23 | 1264.0 |
       Dungeon |  19180 |  18397 |    783 |    802 |  14401 |  14 | 1370.0 |
          Lair |   6622 |   6529 |     93 |     18 |   5272 |   5 | 1324.4 |
  Orcish Mines |   2792 |   2747 |     45 |    294 |   1711 |   2 | 1396.0 |
      Ice Cave |     17 |     17 |      0 |      0 |      0 |   1 |   17.0 |
       Volcano |    459 |    459 |      0 |      0 |    303 |   1 |  459.0 |
               +--------+--------+--------+--------+--------+-----+--------+

Top non-repeatable levels by time:
    D:13: 2295 daAuts
  Lair:3: 2248 daAuts
   Orc:2: 1886 daAuts
    D:10: 1681 daAuts
     D:4: 1675 daAuts
    D:12: 1618 daAuts
     D:5: 1559 daAuts
     D:9: 1551 daAuts
  Lair:1: 1549 daAuts
     D:1: 1522 daAuts
     D:2: 1473 daAuts
    D:11: 1372 daAuts
  Lair:2: 1335 daAuts
     D:8: 1334 daAuts
     D:6: 1299 daAuts
